 Dungeon Crawl Stone Soup version 0.20.0-10-g0535bb4 (webtiles) character file.

179 maniacrov the Chopper (level 5, 0/45 HPs)
             Began as a Hill Orc Gladiator on June 4, 2017.
             Slain by a crimson imp (1 damage)
             ... on level 4 of the Dungeon.
             The game lasted 00:10:39 (1811 turns).

maniacrov the Chopper (Hill Orc Gladiator)          Turns: 1811, Time: 00:10:39

Health: 0/45       AC:  3    Str: 17    XL:     5   Next: 59%
Magic:  5/5        EV: 12    Int:  8    God:
Gold:   107        SH:  3    Dex: 13    Spells: 4/4 levels left

rFire    . . .     SeeInvis +   a - +0 war axe
rCold    . . .     Gourm    .   r - +0 buckler
rNeg     . . .     Faith    .   b - +0 leather armour
rPois    .         Spirit   .   (no helmet)
rElec    .         Reflect  .   (no cloak)
rCorr    .         Harm     .   (no gloves)
MR       .....                  (no boots)
Stlth    +.........             (no amulet)
Regen    0.2/turn               h - ring of see invisible
MPRegen  0.1/turn               (no ring)

@: no status effects
A: no striking features
a: no special abilities


You were on level 4 of the Dungeon.
You were not hungry.

You visited 1 branch of the dungeon, and saw 4 of its levels.

You collected 107 gold pieces.

Inventory:

Hand Weapons
 a - a +0 war axe (weapon)
Armour
 b - a +0 leather armour (worn)
 c - a +0 helmet
 o - a +0 pair of boots
 r - a +0 buckler (worn)
Jewellery
 h - a ring of see invisible (left hand)
Scrolls
 d - a scroll of magic mapping {unknown}
 l - a scroll of amnesia
 m - a scroll of fear {unknown}
 n - a scroll of recharging
 p - a scroll of enchant armour {unknown}
Potions
 e - a potion of lignification
 i - a potion of haste
 j - a potion of resistance
 k - 2 potions of heal wounds {unknown}
 q - a potion of brilliance {unknown}
 s - a potion of ambrosia {unknown}
Comestibles
 f - 3 bread rations
 g - 2 royal jellies


   Skills:
 + Level 3.6 Fighting
 - Level 5.6 Axes
 + Level 1.9 Throwing
 + Level 2.3 Armour
 - Level 3.0 Dodging
 + Level 0.3 Stealth
 * Level 0.7 Shields


You had 4 spell levels left.
You didn't know any spells.

Dungeon Overview and Level Annotations

Branches:
Dungeon (4/15)
 Temple: D:4-7

Altars:


Message History

The adder skeleton closely misses you.
You hit the adder skeleton but do no damage.
The adder skeleton barely misses you.
You hit the adder skeleton.
The adder skeleton is lightly damaged.
The adder skeleton bites you but does no damage.
The crimson imp blinks!
You barely miss the adder skeleton.
The adder skeleton is lightly damaged.
The adder skeleton bites you.
* * * LOW HITPOINT WARNING * * *
The adder skeleton barely misses you.
You hit the adder skeleton.
The adder skeleton is heavily damaged.
The adder skeleton bites you.
* * * LOW HITPOINT WARNING * * *
You slash the adder skeleton!
You destroy the adder skeleton!
You closely miss the crimson imp. The crimson imp hits you.
You die...

## #.## ## #...##
..###### ######.....#
#....... ##..5@.>.....
#.....>. #.....#......
......#
#........?.#######....
#.....###.....#.......
#....## ###.#.##....
#.#.#########.#.##....
#.#......5........[...
#.#.#######.##.###...<
#.#.# #.##.# #....


You could see a crimson imp.

Vanquished Creatures
  A howler monkey (D:4)
  An iguana (D:4)
  Robin (D:3)
  4 adders
  An adder skeleton (D:4)
  A worm (D:3)
  2 leopard geckos
  5 giant cockroaches
  11 goblins (D:3)
  10 hobgoblins
  4 bats
  7 frilled lizards
  5 kobolds
  8 rats
61 creatures vanquished.

Vanquished Creatures (others)
  A goblin (D:3)
1 creature vanquished.

Grand Total: 62 creatures vanquished

Notes
Turn   | Place    | Note
-------+----------+-------------------------------------------
     0 | D:1      | maniacrov the Hill Orc Gladiator began the quest for the Orb.
     0 | D:1      | Reached XP level 1. HP: 18/18 MP: 1/1
   248 | D:1      | Reached XP level 2. HP: 25/25 MP: 2/2
   646 | D:2      | Reached XP level 3. HP: 29/30 MP: 3/3
   772 | D:2      | Reached skill level 1 in Armour
   847 | D:2      | Reached skill level 5 in Axes
   847 | D:2      | Reached XP level 4. HP: 32/37 MP: 4/4
  1036 | D:3      | Noticed Robin
  1043 | D:3      | Killed Robin
  1749 | D:4      | Reached XP level 5. HP: 23/45 MP: 5/5
  1810 | D:4      | HP: 1/45 [adder skeleton (3)]
  1811 | D:4      | Slain by a crimson imp

Skill      XL: |  1  2  3  4  5 |
---------------+----------------+-----
Armour         | 1 2 |  2.3
Axes           | 5 |  5.6
Dodging        | 3 |  3.0
Fighting       | 3 |  3.6
Throwing       | |  1.9
Stealth        | |  0.3
Shields        | |  0.7

Action                   |  1- 3 |  4- 6 || total
-------------------------+-------+-------++-------
Melee: War axe           |    99 |   109 ||   208
Throw: Throwing net      |     5 |       ||     5
  Use: Scroll            |     2 |     7 ||     9
 Stab: Held in net/web   |     2 |       ||     2
  Eat: Royal jelly       |       |     2 ||     2
Armor: Leather armour    |    29 |    15 ||    44
Dodge: Dodged            |    65 |    70 ||   135
Block: Buckler           |       |     4 ||     4
